APL (24 & UNDER)
SAVANNAH HOGS @ NASHUA REDLEGS
05/29/2026
 
TOP OF THE 1ST
Savannah Hogs batting - Pitching for Nashua Redlegs : RHP Bill Peterson
Pitching: RHP Bill Peterson
Batting: LHB Manny Hernández 0-0: Ball
1-0: Foul Ball, location: 2F
1-1: Foul Ball, location: 2F
1-2: Foul Ball, location: 2F
1-2: Ball
2-2: DOUBLE (Line Drive, 8RM)
Batting: LHB Jim Clemente 0-0: Ball
1-0: Swinging Strike
1-1: Ball
2-1: Ground out 5-3 (Groundball, 56)
Batting: LHB Ramón Morales 0-0: Called Strike
0-1: Ground out 6-3 (Groundball, 6M)
Manny Hernández to third
Batting: RHB Javier Martínez 0-0: Ground out 6-3 (Groundball, 56)
Top of the 1st over - 0 run(s), 1 hit(s), 0 error(s), 1 left on base; Savannah 0 - Nashua 0
BOTTOM OF THE 1ST
Nashua Redlegs batting - Pitching for Savannah Hogs : RHP Nelson Cruz
Pitching: RHP Nelson Cruz
Batting: RHB Manuel Alonso 0-0: Foul Ball, location: 2F
0-1: Ball
1-1: Ball
2-1: Swinging Strike
2-2: Strikes out looking
Batting: RHB David Strickland 0-0: Called Strike
0-1: Foul Ball, location: 2F
0-2: Strikes out swinging
Batting: LHB Dave Lee 0-0: Ball
1-0: Swinging Strike
1-1: Ball
2-1: Swinging Strike
2-2: Foul Ball, location: 2F
2-2: Ball
3-2: Base on Balls
Batting: RHB Héctor Vázquez 0-0: Called Strike
0-1: Ball
1-1: Ground out 4-3 (Groundball, 4)
Bottom of the 1st over - 0 run(s), 0 hit(s), 0 error(s), 1 left on base; Savannah 0 - Nashua 0
TOP OF THE 2ND
Savannah Hogs batting - Pitching for Nashua Redlegs : RHP Bill Peterson
Batting: RHB Remi Eruzione 0-0: Swinging Strike
0-1: Ball
1-1: Ball
2-1: Foul Ball, location: 2F
2-2: Fly out, F7 (Flyball, 7M)
Batting: LHB Pedro Medine 0-0: DOUBLE (Line Drive, 9D)
Batting: RHB Ignacio Rangel 0-0: Called Strike
0-1: Ball
1-1: Foul Ball, location: 2F
1-2: Ground out 5-3 (Groundball, 56S)
Pedro Medine to third
Batting: RHB Anastasio Movonda 0-0: Ball
1-0: Ball
2-0: Called Strike
2-1: Foul Ball, location: 2F
2-2: Foul Ball, location: 2F
2-2: Ball
3-2: DOUBLE (Line Drive, 7LM)
Pedro Medine scores
Batting: RHB Ernesto Gómez 0-0: Foul Ball, location: 2F
0-1: Called Strike
0-2: Strikes out swinging
Top of the 2nd over - 1 run(s), 2 hit(s), 0 error(s), 1 left on base; Savannah 1 - Nashua 0
BOTTOM OF THE 2ND
Nashua Redlegs batting - Pitching for Savannah Hogs : RHP Nelson Cruz
Batting: LHB Frank Young 0-0: Foul Ball, location: 2F
0-1: Ball
1-1: Ball
2-1: Ball
3-1: Fly out, F7 (Popup, 78S)
Batting: RHB Eleuterio Supardo 0-0: Called Strike
0-1: Ground out 4-3 (Groundball, 34)
Batting: LHB Mike Harris 0-0: Foul Ball, location: 2F
0-1: Ball
1-1: Ball
2-1: Foul Ball, location: 2F
2-2: Foul Ball, location: 2F
2-2: Foul Ball, location: 2F
2-2: Foul Ball, location: 2F
2-2: Strikes out looking
Bottom of the 2nd over - 0 run(s), 0 hit(s), 0 error(s), 0 left on base; Savannah 1 - Nashua 0
TOP OF THE 3RD
Savannah Hogs batting - Pitching for Nashua Redlegs : RHP Bill Peterson
Batting: LHB Manny Hernández 0-0: Ground out 6-3 (Groundball, 6)
Batting: LHB Jim Clemente 0-0: Foul Ball, location: 2F
0-1: Foul Ball, location: 2F
0-2: SINGLE (Line Drive, 56)
Batting: LHB Ramón Morales 0-0: Ball
1-0: Foul Ball, location: 2F
1-1: Ball
2-1: Fielders Choice at 2nd, 4-6 (Groundball, 34)
Batting: RHB Javier Martínez 0-0: Ball
Wild Pitch!
Ramón Morales to second
1-0: Ground out 4-3 (Groundball, 4)
Top of the 3rd over - 0 run(s), 1 hit(s), 0 error(s), 1 left on base; Savannah 1 - Nashua 0
BOTTOM OF THE 3RD
Nashua Redlegs batting - Pitching for Savannah Hogs : RHP Nelson Cruz
Batting: LHB Bill McCraney 0-0: Ground out 1-3 (Groundball, 23)
Batting: RHB Javier Ortíz 0-0: Called Strike
0-1: Ball
1-1: SOLO HOME RUN (Flyball, 78XD), Distance : 415 ft
Batting: RHB Manuel Alonso 0-0: Called Strike
0-1: Foul Ball, location: 2F
0-2: Strikes out swinging
Batting: RHB David Strickland 0-0: Called Strike
0-1: Foul Ball, location: 2F
0-2: Ball
1-2: Ball
2-2: Foul Ball, location: 2F
2-2: Ball
3-2: Strikes out swinging
Bottom of the 3rd over - 1 run(s), 1 hit(s), 0 error(s), 0 left on base; Savannah 1 - Nashua 1
TOP OF THE 4TH
Savannah Hogs batting - Pitching for Nashua Redlegs : RHP Bill Peterson
Batting: RHB Remi Eruzione 0-0: Foul Ball, location: 2F
0-1: Ball
1-1: Swinging Strike
1-2: Ball
2-2: Foul Ball, location: 2F
2-2: Foul Ball, location: 2F
2-2: Foul Ball, location: 2F
2-2: Strikes out swinging
Batting: LHB Pedro Medine 0-0: Called Strike
0-1: DOUBLE (Groundball, 3L)
Batting: RHB Ignacio Rangel 0-0: Called Strike
0-1: Ball
1-1: Called Strike
1-2: Ball
2-2: Foul Ball, location: 2F
2-2: Fly out, F3 (Popup, 3F)
Batting: RHB Anastasio Movonda 0-0: Ball
1-0: Called Strike
1-1: Swinging Strike
1-2: Ball
2-2: SINGLE (Groundball, 6MD)
Pedro Medine to third
Runner from 3rd tries for Home, SAFE, throw made home
Batting: RHB Ernesto Gómez 0-0: Called Strike
0-1: SINGLE (Line Drive, 89S)
Anastasio Movonda to second
Batting: LHB Manny Hernández 0-0: Foul Ball, location: 2F
0-1: Called Strike
0-2: Ball
1-2: Ball
2-2: Foul Ball, location: 2F
2-2: Strikes out swinging
Top of the 4th over - 1 run(s), 3 hit(s), 0 error(s), 2 left on base; Savannah 2 - Nashua 1
BOTTOM OF THE 4TH
Nashua Redlegs batting - Pitching for Savannah Hogs : RHP Nelson Cruz
Batting: LHB Dave Lee 0-0: Swinging Strike
0-1: Ball
1-1: Ball
2-1: Ground out 4-3 (Groundball, 4)
Batting: RHB Héctor Vázquez 0-0: Called Strike
0-1: Ground out 1-3 (Groundball, 13)
Batting: LHB Frank Young 0-0: Swinging Strike
0-1: SINGLE (Line Drive, 3L)
Batting: RHB Eleuterio Supardo 0-0: Ball
1-0: Foul Ball, location: 2F
1-1: Ball
2-1: SINGLE (Flyball, 8RS)
Frank Young to second
Throwing error, E8
Frank Young scores
Eleuterio Supardo to second
Batting: LHB Mike Harris 0-0: Called Strike
0-1: Foul Ball, location: 2F
0-2: SINGLE (Line Drive, 78S)
Eleuterio Supardo to third
Batting: LHB Bill McCraney 0-0: Swinging Strike
0-1: Fly out, F9 (Flyball, 89S)
Bottom of the 4th over - 1 run(s), 3 hit(s), 1 error(s), 2 left on base; Savannah 2 - Nashua 2
TOP OF THE 5TH
Savannah Hogs batting - Pitching for Nashua Redlegs : RHP Bill Peterson
Batting: LHB Jim Clemente 0-0: Ball
1-0: Foul Ball, location: 2F
1-1: Ball
2-1: Foul Ball, location: 2F
2-2: Ground out 6-3 (Groundball, 6)
Batting: LHB Ramón Morales 0-0: Swinging Strike
0-1: Ball
1-1: Called Strike
1-2: Ball
2-2: Strikes out swinging
Batting: RHB Javier Martínez 0-0: Called Strike
0-1: Called Strike
0-2: Ball
1-2: Reached on error, E4 (Groundball, 4)
Pitching: RHP Carlos Rodríguez
Batting: RHB Remi Eruzione 0-0: Ball
Javier Martínez steals 2nd base
1-0: Ball
2-0: Foul Ball, location: 2F
2-1: Called Strike
2-2: Foul Ball, location: 2F
2-2: Strikes out swinging
Top of the 5th over - 0 run(s), 0 hit(s), 1 error(s), 1 left on base; Savannah 2 - Nashua 2
BOTTOM OF THE 5TH
Nashua Redlegs batting - Pitching for Savannah Hogs : RHP Nelson Cruz
Batting: RHB Javier Ortíz 0-0: Ball
1-0: Swinging Strike
1-1: Swinging Strike
1-2: Ground out 1-3 (Groundball, 13)
Batting: RHB Manuel Alonso 0-0: SINGLE (Groundball, 56D) (infield hit)
Batting: RHB David Strickland 0-0: Ball
Manuel Alonso steals 2nd base
1-0: Ball
2-0: Ground out 6-3 (Groundball, 6)
Manuel Alonso to third
Batting: LHB Dave Lee 0-0: Ball
1-0: Swinging Strike
1-1: Swinging Strike
1-2: Strikes out looking
Bottom of the 5th over - 0 run(s), 1 hit(s), 0 error(s), 1 left on base; Savannah 2 - Nashua 2
TOP OF THE 6TH
Savannah Hogs batting - Pitching for Nashua Redlegs : RHP Carlos Rodríguez
Batting: LHB Pedro Medine 0-0: Fly out, F8 (Flyball, 8RM)
Batting: RHB Ignacio Rangel 0-0: Swinging Strike
0-1: Ball
1-1: Swinging Strike
1-2: Ground out 5-3 (Groundball, 5)
Batting: RHB Anastasio Movonda 0-0: Called Strike
0-1: Ground out 6-3 (Groundball, 6M)
Top of the 6th over - 0 run(s), 0 hit(s), 0 error(s), 0 left on base; Savannah 2 - Nashua 2
BOTTOM OF THE 6TH
Nashua Redlegs batting - Pitching for Savannah Hogs : RHP Nelson Cruz
Batting: RHB Héctor Vázquez 0-0: Called Strike
0-1: SINGLE (Groundball, 56)
Batting: LHB Frank Young 0-0: Ball
1-0: Ball
2-0: Called Strike
2-1: Ball
3-1: Base on Balls
Héctor Vázquez to second
Batting: RHB Eleuterio Supardo 0-0: Ground out 5-3 (Groundball, 5S)
Héctor Vázquez to third
Frank Young to second
Batting: LHB Mike Harris 0-0: Called Strike
0-1: Ball
1-1: Foul Ball, location: 2F
1-2: Ball
2-2: Foul Ball, location: 2F
2-2: SINGLE (Line Drive, 6MD)
Héctor Vázquez scores
Frank Young to third
Pitching: LHP Miguel Valentín
Batting: LHB Bill McCraney 0-0: Called Strike
Mike Harris is caught stealing 2nd base
0-1: Ball
1-1: Ball
2-1: Called Strike
2-2: SINGLE (Line Drive, 8LS)
Frank Young scores
Batting: RHB Javier Ortíz 0-0: Called Strike
0-1: Ball
1-1: Foul Ball, location: 2F
1-2: Ball
2-2: Foul Ball, location: 2F
2-2: DOUBLE (Flyball, 89D)
Bill McCraney to third
Batting: RHB Manuel Alonso 0-0: Called Strike
0-1: Fly out, F6 (Popup, 6MD)
Bottom of the 6th over - 2 run(s), 4 hit(s), 0 error(s), 2 left on base; Savannah 2 - Nashua 4
TOP OF THE 7TH
Savannah Hogs batting - Pitching for Nashua Redlegs : RHP Carlos Rodríguez
Batting: RHB Ernesto Gómez 0-0: Fly out, F9 (Popup, 9S)
Batting: LHB Manny Hernández 0-0: Ball
1-0: Swinging Strike
1-1: Ball
2-1: Ball
3-1: Base on Balls
Batting: LHB Jim Clemente 0-0: DOUBLE (Line Drive, 78M)
Manny Hernández to third
Batting: LHB Ramón Morales 0-0: SINGLE (Groundball, 6MD)
Manny Hernández scores
Jim Clemente to third
Runner from 3rd tries for Home, SAFE, no throw or cutoff
Pinch Hitting: LHB Juan Delgado 0-0: Ball
1-0: Grounds into double play, 4-6-3 (Groundball, 4)
Top of the 7th over - 2 run(s), 2 hit(s), 0 error(s), 0 left on base; Savannah 4 - Nashua 4
BOTTOM OF THE 7TH
Nashua Redlegs batting - Pitching for Savannah Hogs : LHP Miguel Valentín
Pitching: RHP Ramón Martínez
Now in LF: Juan Delgado
Batting: RHB David Strickland 0-0: Ground out 5-3 (Groundball, 5)
Batting: LHB Dave Lee 0-0: Ball
1-0: Ball
2-0: Ball
3-0: Base on Balls
Pitching: RHP Jorge Durán
Pinch Hitting: LHB Richard Olvera 0-0: DOUBLE (Flyball, 89XD)
Dave Lee to third
Batting: LHB Frank Young 0-0: Intentional Walk
Pitching: RHP Ubaldo Tavaia
Batting: RHB Eleuterio Supardo 0-0: Ball
1-0: Swinging Strike
1-1: Foul Ball, location: 2F
1-2: Strikes out looking
Pitching: RHP Luis Sánchez
Batting: LHB Mike Harris 0-0: Ball
Wild Pitch!
Dave Lee scores
Richard Olvera to third
Frank Young to second
1-0: Called Strike
1-1: Called Strike
1-2: Foul Ball, location: 2F
1-2: Foul Ball, location: 2F
1-2: SINGLE (Groundball, 3D)
Richard Olvera scores
Frank Young to third
Runner from 3rd tries for Home, SAFE, no throw or cutoff
Batting: LHB Bill McCraney 0-0: Ball
1-0: Called Strike
Mike Harris is caught stealing 2nd base
Bottom of the 7th over - 3 run(s), 2 hit(s), 0 error(s), 0 left on base; Savannah 4 - Nashua 7
TOP OF THE 8TH
Savannah Hogs batting - Pitching for Nashua Redlegs : RHP Carlos Rodríguez
Pitching: LHP Raúl Fernández
Now at 3B: José Zumaya
Batting: RHB Remi Eruzione 0-0: Ball
1-0: DOUBLE (Groundball, 5L)
Batting: LHB Pedro Medine 0-0: Ball
1-0: Foul Ball, location: 2F
1-1: Ball
2-1: Foul Ball, location: 2F
2-2: Ball
3-2: Foul Ball, location: 2F
3-2: Foul Ball, location: 2F
3-2: Strikes out swinging
Batting: RHB Ignacio Rangel 0-0: Ball
1-0: Ground out 5-3 (Groundball, 56S)
Remi Eruzione to third
Batting: RHB Anastasio Movonda 0-0: Ball
1-0: Called Strike
1-1: Ball
Steal of home, Remi Eruzione is safe
2-1: Fly out, F9 (Flyball, 89M)
Top of the 8th over - 1 run(s), 1 hit(s), 0 error(s), 0 left on base; Savannah 5 - Nashua 7
BOTTOM OF THE 8TH
Nashua Redlegs batting - Pitching for Savannah Hogs : RHP Luis Sánchez
Batting: LHB Bill McCraney 0-0: Foul Ball, location: 2F
0-1: Ball
1-1: Swinging Strike
1-2: Foul Ball, location: 2F
1-2: Strikes out looking
Batting: RHB Javier Ortíz 0-0: Swinging Strike
0-1: Ball
1-1: Ball
2-1: Ball
3-1: Fly out, F8 (Flyball, 8RM)
Batting: RHB Manuel Alonso 0-0: Foul Ball, location: 2F
0-1: SINGLE (Flyball, 8LS)
Batting: RHB David Strickland 0-0: Ground out 5-3 (Groundball, 5S)
Bottom of the 8th over - 0 run(s), 1 hit(s), 0 error(s), 1 left on base; Savannah 5 - Nashua 7
TOP OF THE 9TH
Savannah Hogs batting - Pitching for Nashua Redlegs : LHP Raúl Fernández
Pitching: RHP Samuel Farrell
Now in CF: Gabriel Erwin
Batting: RHB Ernesto Gómez 0-0: Fly out, F8 (Flyball, 8RM)
Batting: LHB Manny Hernández 0-0: Foul Ball, location: 2F
0-1: Ball
1-1: Ball
2-1: Swinging Strike
2-2: Ball
3-2: Base on Balls
Pinch Hitting: LHB Ivan Costello 0-0: Ball
1-0: Swinging Strike
1-1: Ball
2-1: Foul Ball, location: 2F
2-2: Foul Ball, location: 2F
2-2: Grounds into double play, 1-6-3 (Groundball, 15S)
Top of the 9th over - 0 run(s), 0 hit(s), 0 error(s), 0 left on base; Savannah 5 - Nashua 7
Monday, December 5th, 2016 - OOTP Baseball 17.12 Build 75